 Dungeon Crawl Stone Soup version 0.31.0-1-g2c135a0 (webtiles) character file.

Game seed: 8755898238400582741

770 joeMamaqwertyuiop the Conjurer (level 7, -2/32 HPs)
             Began as a Felid Conjurer on Mar 29, 2024.
             Succumbed to a kobold brigand's poison
             ... on level 6 of the Dungeon.
             The game lasted 00:19:51 (6688 turns).

joeMamaqwertyuiop the Conjurer (Felid Conjurer)     Turns: 6688, Time: 00:19:52

Health: -2/32      AC:  2    Str:  3    XL:     7   Next: 53%
Magic:  1/14       EV: 18    Int: 24    God:
Gold:   256        SH:  5    Dex: 14    Spells: 6/14 levels left
                                        Lives:  0   Deaths: 3

rFire   . . .        (weapon unavailable)
rCold   . . .        (shield unavailable)
rNeg    . . .        (body armour unavailable)
rPois   .            (helmet unavailable)
rElec   .            (cloak unavailable)
rCorr   .            (gloves unavailable)
SInv    +            (boots unavailable)
Will    +....        Y - amulet of reflection
Stlth   +++          (no ring)
HPRegen 0.25/turn    (no ring)
MPRegen 0.14/turn

%: reflection
@: lethally poisoned (-2 -> -16)
A: very small, claws 1, fangs 3, see invisible, shaggy fur 2, stealthy paws, no
weapons or thrown items, no armour, multi-lived
a: no special abilities


You were on level 6 of the Dungeon.
You visited 2 branches of the dungeon, and saw 7 of its levels.

You collected 256 gold pieces.

Inventory:

Hand Weapons
 a - a +0 club
 k - a +0 dagger of venom
 l - a +0 hand axe
 m - a +0 dagger
 n - a +2 short sword of holy wrath
 p - a +0 short sword of venom
 r - a +0 falchion
 t - a +0 club
 u - a +0 dagger
 v - a +0 club
 x - a +0 trident
 z - a +0 dagger
 B - a +0 rapier
 C - a +0 mace
 D - a +0 short sword
 E - a +0 club
 F - a +0 club
 G - a +0 club
 J - a +0 club
 K - a +0 dagger
 L - a +0 flail
 N - a +0 dagger
 O - a +0 mace
 R - a +0 flail
 T - a +0 dagger
 V - a +0 club
Missiles
 d - 47 stones
 f - 14 poisoned darts
 g - 7 boomerangs
Armour
 o - the +6 scale mail "Ugrutt" {rC+ MP-9 Str+2}
   (You found it on level 3 of the Dungeon)

   Str+2:     It affects your strength (+2).
   rC+:       It protects you from cold.
   MP-9:      It affects your magic capacity (-9).
 q - a +0 scale mail
 s - a +0 leather armour
 w - a +0 ring mail
 y - a +0 ring mail
 A - a +0 ring mail
 H - a +0 animal skin
 I - a +1 helmet
 M - a +0 ring mail
 P - a +0 ring mail
 Q - a +0 ring mail
 S - a +0 leather armour
 W - a +1 ring mail of fire resistance
 Z - a +0 chain mail
Jewellery
 i - a ring of fire
 Y - an amulet of reflection (around neck)
Wands
 U - a wand of flame (24)
Scrolls
 j - 3 scrolls of enchant weapon
 X - a scroll of identify
Potions
 c - a potion of degeneration
 e - a potion of attraction {unknown}
 h - a potion of mutation


   Skills:
 + Level 4.8 Dodging
 + Level 5.1 Stealth
 * Level 4.2 Spellcasting
 * Level 5.3 Conjurations
 + Level 3.7 Hexes
 + Level 3.5 Translocations


You had 6 spell levels left.
You knew the following spells:

 Your Spells              Type           Power      Damage    Failure   Level
a - Magic Dart            Conj           100%       1d8       1%          1
b - Searing Ray           Conj           60%        2d6       1%          2
c - Foxfire               Conj/Fire      72%        2x1d7     3%          1
d - Iskenderun's Mystic   Conj/Tloc      26%        2d7       16%         4

Your spell library contained the following spells:

 Spells                   Type           Power      Damage    Failure   Level
 Fulminant Prism          Conj/Alch      9%         3d6       30%         4
 Starburst                Conj/Fire      9%         6d5       99%         6
 Plasma Beam              Fire/Air       2%         2x1d12    100%        6


Dungeon Overview and Level Annotations

Branches:
Dungeon (6/15)             Temple (1/1) D:4

Altars:
Ashenzari
Cheibriados
Elyvilon
Hepliaklqana
Makhleb
Nemelex Xobeh
Sif Muna
Wu Jian
Xom
Yredelemnul
The Shining One

Annotations:
D:5 Duvessa
Temple 4 transporters


Innate Abilities, Weirdness & Mutations

You have sharp claws.
You have razor-sharp teeth.
You have supernaturally acute eyesight. (SInv)
You are covered in thick fur. (AC +2)
Your paws help you pounce on unaware monsters.
You are incapable of wielding weapons or throwing items.
You cannot wear armour.
You gain extra lives every three experience levels.


Message History

Casting: Magic Dart (safe; 1% risk of failure)
Confirm with . or Enter, or press ? or * to list all spells.
Aiming: Magic Dart (safe; 1% risk of failure)
Press: ? - help, Shift-Dir - straight line, f/p - kobold brigand
Aim: a kobold brigand, wielding a +2 dagger of venom and quivering poisoned darts (moderately wounded, 100% to hit)
The magic dart hits the kobold brigand.
The kobold brigand is moderately wounded.
Casting: Magic Dart (safe; 1% risk of failure)
Confirm with . or Enter, or press ? or * to list all spells.
You don't have enough magic to cast this spell.
The kobold brigand throws a poisoned dart.
The poisoned dart closely misses you.
Casting: Magic Dart (safe; 1% risk of failure)
Confirm with . or Enter, or press ? or * to list all spells.
You don't have enough magic to cast this spell.
A scorpion comes into view.
The kobold brigand hits you with a +2 dagger of venom!
You are poisoned.
The kobold completely misses you.
You scratch the kobold brigand. Your bite misses the kobold brigand.
The kobold brigand is heavily wounded.
You feel very sick.
The kobold brigand hits you with a +2 dagger of venom.
You are lethally poisoned!
The kobold hits you with a +0 dagger.
You barely miss the kobold brigand.
The kobold brigand is heavily wounded.
You feel very sick. The kobold brigand closely misses you.
The kobold hits you with a +0 dagger.
* * * LOW HITPOINT WARNING * * *
* * * LOW HITPOINT WARNING * * *
You feel very sick.
The kobold brigand throws a poisoned dart.
The poisoned dart hits you!
You are more poisoned.
Okay, then.
Okay, then.
* * * LOW HITPOINT WARNING * * *
You feel very sick.
You die...

#....#
##....
######..))
......>s.#
#....).K#
#..KK#
#.##.##
#..# #.@#
#..# +..#
#... #....
#....
+.....
##....


You could see a kobold brigand, a scorpion and a kobold.

Vanquished Creatures
  2 phantoms (D:4)
  A scorpion (D:5)
  Dowan (D:5)
  A howler monkey (D:4)
  A crimson imp (D:4)
  3 bombardier beetles
  An orc priest (D:4)
  A jelly (D:4)
  Ijyb (D:4)
  Natasha (thrice) (D:3)
  Robin (D:4)
  2 gnolls (D:5)
  6 adders
  2 dart slugs
  9 orcs
  6 endoplasms
  3 giant cockroaches
  8 goblins
  13 hobgoblins
  2 jackals (D:2)
  A quokka (D:1)
  7 ball pythons
  3 bats
  2 frilled lizards (D:1)
  A goblin zombie (D:4)
  3 hobgoblin zombies (D:4)
  11 kobolds
  2 kobold skeletons (D:4)
  A kobold zombie (D:4)
  3 orc skeletons (D:4)
  An orc zombie (D:4)
  4 rats (D:1)
106 creatures vanquished.

Vanquished Creatures (others)
  10 foxfires (D:4)
10 creatures vanquished.

Grand Total: 116 creatures vanquished

Notes
Turn   | Place    | Note
-------+----------+-------------------------------------------
     0 | D:1      | joeMamaqwertyuiop the Felid Conjurer began the quest for
                  | the Orb.
     0 | D:1      | Reached XP level 1. HP: 9/9 MP: 4/4
   156 | D:1      | Reached XP level 2. HP: 13/13 MP: 3/6
   882 | D:1      | Reached XP level 3. HP: 16/16 MP: 1/7
  1357 | D:2      | Reached skill level 1 in Hexes
  2121 | D:2      | Reached XP level 4. HP: 21/21 MP: 5/8
  2121 | D:2      | Gained a life (2 lives remaining)
  2125 | D:2      | Learned a level 2 spell: Searing Ray
  2473 | D:3      | Reached skill level 1 in Translocations
  2662 | D:3      | Identified the +6 scale mail "Ugrutt" {rC+ MP-9 Str+2}
  3029 | D:3      | Found a hazy altar of Hepliaklqana.
  3184 | D:3      | Noticed Natasha
  3191 | D:3      | Killed Natasha
  3354 | D:3      | Noticed Natasha
  3361 | D:3      | Killed Natasha
  3362 | D:3      | Reached XP level 5. HP: 24/24 MP: 1/10
  3553 | D:3      | Found an ornate altar of the Wu Jian Council.
  3674 | D:3      | Found a sparkling altar of Nemelex Xobeh.
  3770 | D:3      | Noticed Natasha
  3776 | D:3      | Killed Natasha
  4877 | D:4      | Learned a level 1 spell: Foxfire
  4905 | D:4      | Found a staircase to the Ecumenical Temple.
  4918 | Temple   | Found a transporter.
  4918 | Temple   | Found a transporter.
  4918 | Temple   | Found a transporter.
  4918 | Temple   | Found a transporter.
  4918 | Temple   | Entered the Ecumenical Temple
  4970 | D:4      | Noticed Robin
  4999 | D:4      | Killed Robin
  5171 | D:4      | Gained mutation: You are covered in thick fur. (AC +2)
                  | [Felid growth]
  5171 | D:4      | Reached XP level 6. HP: 5/28 MP: 1/12
  5389 | D:4      | HP: 1/28 [orc priest/nerve-wracking pain (6)]
  5396 | D:4      | Slain by an orc priest
  5396 | D:4      | Lost a life (1 life remaining)
  5447 | D:4      | Noticed Ijyb
  5473 | D:4      | HP: 1/28 [Ijyb/+0 club (5)]
  5480 | D:4      | Learned a level 4 spell: Iskenderun's Mystic Blast
  5661 | D:4      | Killed Ijyb
  5871 | D:4      | Found a glowing golden altar of the Shining One.
  5897 | D:4      | Slain by a hobgoblin zombie
  5897 | D:4      | Lost a life (0 lives remaining)
  5999 | D:4      | Reached skill level 5 in Conjurations
  6117 | D:4      | Reached XP level 7. HP: 26/32 MP: 1/13
  6117 | D:4      | Gained a life (1 life remaining)
  6511 | D:5      | Entered Level 5 of the Dungeon
  6598 | D:5      | Noticed Dowan
  6604 | D:5      | Killed Dowan
  6606 | D:5      | Noticed Duvessa
  6611 | D:5      | Reached skill level 5 in Stealth
  6612 | D:5      | HP: 1/32 [Duvessa/+0 rapier (20)]
  6652 | D:5      | HP: 1/32 [orc wizard/magic dart (6)]
  6653 | D:5      | Slain by an adder
  6653 | D:5      | Lost a life (0 lives remaining)
  6687 | D:6      | HP: 1/32 [poisoned by a kobold brigand]
  6688 | D:6      | Succumbed to a kobold brigand's poison

Illustrated notes

Levels and vault maps discovered:
D:1:      evilmike_arrival_crescent, layout_basic, supply_closet_lemuel
D:2:      layout_loops_cross, serial_aquarium, aquarium_bridge_straight
          [aquarium_subvault_bridge, aquarium_subvault_window,
          aquarium_subvault_bridge, aquarium_subvault_window],
          aquarium_window_1, aquarium_window_1, aquarium_window_corridor_3,
          aquarium_window_1, aquarium_view_2d, aquarium_balcony_double_4,
          aquarium_pool_side, grunt_decor_resistance
D:3:      layout_basic, nemelex_dance_club_becter,
          worldfamousw_hep_ancestral_shrine, pdpol_wu_jian_five_deadly_venoms,
          uniq_natasha
D:4:      layout_basic, nicolae_tso_besieged_by_evil,
          fedhas_altar_decomposition, minmay_temple_entry_steel_oval, uniq_ijyb,
          uniq_robin
D:5:      layout_rooms, kennysheep_little_box, uniq_duvessa
D:6:      layout_layer_cave, mainiacjoe_overflow_six_doors_small,
          vehumet_crystals, uniq_maggie
Temple:   hellmonk_temple_divided_pantheon

Skill      XL: |  1  2  3  4  5  6  7 |
---------------+----------------------+-----
Dodging        | 3 4 |  4.8
Stealth        | 3 4 5 |  5.1
Hexes          | 1 2 3 |  3.7
Conjurations   | 4 5 |  5.3
Translocations | 1 2 3 |  3.5
Spellcasting   | 3 4 |  4.2

Action                     |  1- 3 |  4- 6 |  7- 9 || total
---------------------------+-------+-------+-------++-------
  Melee: Unarmed           |    15 |    85 |    71 ||   171
         Bite              |     2 |    12 |    13 ||    27
         Punch             |       |     1 |     1 ||     2
   Cast: Magic Dart        |    78 |   136 |    41 ||   255
         Searing Ray       |       |    22 |     2 ||    24
         Foxfire           |       |     6 |       ||     6
         Iskenderun's Myst |       |     1 |       ||     1
    Use: Scroll            |     4 |     5 |     1 ||    10
         Potion            |       |     3 |       ||     3
 Armour: Skin              |     6 |    48 |    30 ||    84
  Dodge: Dodged            |    24 |   107 |    75 ||   206
  Block: Other             |       |       |     5 ||     5
